 Dungeon Crawl Stone Soup version 0.20.1-1-g8b1a95d (webtiles) character file.

18531 Gukra the Frost Mage (level 12, -5/62 HPs)
             Began as a Deep Elf Ice Elementalist on Feb 16, 2018.
             Was a High Priest of Vehumet.
             Slain by a salamander
             ... wielding a +0 trident
              (14 damage)
             ... in a volcano on Mar 3, 2018.
             The game lasted 01:32:20 (17293 turns).

Gukra the Frost Mage (Deep Elf Ice Elementalist)   Turns: 17293, Time: 01:32:21

Health: -5/62      AC:  5    Str: 11    XL:     12   Next: 28%
Magic:  4/30       EV: 15    Int: 25    God:    Vehumet [*****.]
Gold:   714        SH:  6    Dex: 19    Spells: 9/36 levels left

rFire    + . .     SeeInvis .   m - +0 dagger (protect)
rCold    . . .     Gourm    +   P - +0 buckler
rNeg     . . .     Faith    .   D - +0 steam dragon scales
rPois    .         Spirit   .   (no helmet)
rElec    .         Reflect  .   (no cloak)
rCorr    .         Harm     .   (no gloves)
MR       +....                  (no boots)
Stlth    ++........             W - amulet of the gourmand
Regen    0.2/turn               g - ring of protection from fire
MPRegen  0.3/turn               V - +4 ring of dexterity

@: mighty, hasted, very quick
A: no striking features
a: Renounce Religion


You were in a volcano.
You worshipped Vehumet.
Vehumet was extremely pleased with you.
You were completely stuffed.

You visited 3 branches of the dungeon, and saw 15 of its levels.
You also visited: Sewer and Volcano.

You collected 714 gold pieces.

Inventory:

Hand Weapons
 a - a +1 short sword of venom
 b - a +0 blowgun
 m - a +0 dagger of protection (weapon)
 r - a +2 long sword of holy wrath
Missiles
 u - 13 curare-tipped needles
 C - 61 poisoned needles
Armour
 D - +0 steam dragon scales (worn)
 P - a +0 buckler (worn)
 Z - a +1 robe of cold resistance
Magical Staves
 p - an uncursed staff of wizardry
Jewellery
 g - a ring of protection from fire (left hand)
 x - an uncursed ring of wizardry
 y - an uncursed ring of wizardry
 I - an uncursed ring of see invisible
 N - an uncursed ring of positive energy
 T - an uncursed ring of protection from magic
 V - a +4 ring of dexterity (right hand)
 W - an amulet of the gourmand (around neck)
 Y - an uncursed ring of ice
Wands
 n - a wand of lightning (4/15)
 q - a wand of confusion (45/48)
 E - a wand of digging (19/24)
 R - a wand of lightning (0/15)
Scrolls
 e - 6 scrolls of identify
 f - 7 scrolls of amnesia
 i - 2 scrolls of enchant weapon
 j - 9 scrolls of teleportation
 o - a scroll of recharging
 s - 3 scrolls of fear
 t - 4 scrolls of magic mapping
 v - 2 scrolls of enchant armour
 w - 9 scrolls of remove curse
Potions
 d - 5 potions of agility
 h - 8 potions of curing
 k - 2 potions of haste
 l - 2 potions of cancellation
 z - 5 potions of might
 B - 2 potions of resistance
 F - 2 potions of heal wounds
 G - 3 potions of brilliance
 J - 2 potions of berserk rage
Comestibles
 c - 11 bread rations
 A - 6 meat rations
 K - 2 chunks of flesh
 O - 2 royal jellies
 X - 6 fruits


   Skills:
 + Level 2.2 Fighting
 + Level 1.8(2.3) Short Blades
 - Level 2.0(2.3) Long Blades
   Level 0.4 Maces & Flails
 + Level 3.0 Throwing
 + Level 4.8 Dodging
 - Level 2.5 Stealth
 - Level 4.0 Shields
 - Level 12.6 Spellcasting
 - Level 4.6 Conjurations
 + Level 3.3 Charms
 + Level 7.0 Summonings
 + Level 1.6 Necromancy
 + Level 13.0 Ice Magic
 * Level 7.2 Earth Magic
 + Level 0.4 Evocations


You had 9 spell levels left.
You knew the following spells:

 Your Spells              Type           Power        Failure   Level  Hunger
a - Freeze                Ice            ####         0%          1    None
b - Throw Frost           Conj/Ice       ######       1%          2    None
c - Ozocubu's Armour      Chrm/Ice       ######..     1%          3    None
d - Shock                 Conj/Air       ####         1%          1    None
e - Throw Icicle          Conj/Ice       ######..     1%          4    None
f - Flame Tongue          Conj/Fire      ####.        1%          1    None
g - Stone Arrow           Conj/Erth      #####.       1%          3    None
h - Lee's Rapid Deconstr  Erth           ######....   1%          5    ###....
r - Regeneration          Chrm/Necr      ####......   4%          3    None
y - Summon Ice Beast      Ice/Summ       ######..     1%          4    None


Dungeon Overview and Level Annotations

Branches:
Dungeon (10/15)            Temple (1/1) D:5            Lair (4/6) D:10
  Swamp (0/4) Lair:2        Snake (0/4) Lair:4          Orc (0/2) D:9

Altars:
Ashenzari
Cheibriados
Dithmenos
Elyvilon
Fedhas
Kikubaaqudgha
Makhleb
Nemelex Xobeh
Okawaru
Qazlal
Ru
Sif Muna
Trog
Uskayaw
Vehumet
Xom
Yredelemnul
Zin
The Shining One

Shops:
D:8 :


Message History

Confirm with . or Enter, or press ? or * to list all spells.
Aiming: Freeze
Press: ? - help, Shift-Dir - straight line, f/p - two-headed ogre
Aim: a two-headed ogre, wielding a giant club of flaming and a giant club (almost dead)
You freeze the two-headed ogre.
You kill the two-headed ogre!
Vehumet accepts your kill.
You feel your power returning.
Your Ice Magic skill increases to level 13!
You block the salamander's attack.
Evoke which item? (* to show all) (? for menu, Esc to quit)
Aiming: Lightning Bolt
Press: ? - help, Shift-Dir - straight line You hear a mighty clap of thunder!
The bolt of lightning misses the salamander.
The bolt of lightning hits the salamander.
The salamander is heavily wounded.
This wand has 4 charges left.
The salamander hits you from afar with a trident!
You die...

≈≈≈≈≈.. ≈§
≈≈≈≈≈≈.## c.§§
≈≈≈≈≈≈..####O..§§
≈≈≈≈.≈.........§≈
≈≈≈≈≈≈........≈§≈
≈≈≈≈≈#)######§≈≈
≈≈≈≈ ##Nh†## § ≈≈
####N# #@∩## ####


You could see a salamander.

Vanquished Creatures
  Fannar (Lair:2)
  2 two-headed ogres (Volcano)
  Sonja (Lair:1)
  A salamander (Volcano)
  A black mamba (Lair:4)
  A torpor snail (Lair:3)
  7 spiny frogs
  A komodo dragon (shapeshifter) (D:9)
  2 komodo dragons
  A hornet (D:8)
  A polar bear (Lair:3)
  3 blink frogs (Lair:2)
  2 hippogriffs
  Sigmund (D:4)
  A basilisk (D:10)
  13 yaks
  A fire bat (Volcano)
  2 nagas (Lair:4)
  2 hell hounds (Volcano)
  6 porcupines
  8 water moccasins
  2 orc warriors (D:9)
  A sky beast (D:7)
  A phantom (D:6)
  An ice beast (D:8)
  An ogre (D:8)
  3 centaurs
  6 crocodiles
  A big kobold (D:9)
  5 bullfrogs
  A wyvern zombie (D:8)
  A gnoll sergeant (D:9)
  2 howler monkeys
  A bullfrog zombie (D:6)
  4 crimson imps
  5 hounds
  2 jellies
  4 orc priests
  3 orc wizards
  A centaur skeleton (D:10)
  A bullfrog skeleton (D:10)
  5 worker ants
  2 iguanas
  A hound zombie (D:8)
  8 gnolls
  17 adders
  5 oozes
  3 adder skeletons
  2 worms (Sewer)
  2 dart slugs
  7 leopard geckos
  13 orcs
  9 bats
  5 giant cockroaches
  4 goblins
  3 hobgoblins
  5 jackals
  2 quokkas
  8 ball pythons
  4 frilled lizards
  A jackal skeleton (D:4)
  23 kobolds
  A leopard gecko skeleton (D:4)
  A quokka skeleton (D:9)
  5 rats
  A butterfly (Lair:4)
241 creatures vanquished.

Vanquished Creatures (collateral kills)
  Snorg (D:10)
  An oklob plant (D:8)
  5 elephants
  A black mamba (Lair:1)
  A spiny frog (D:10)
  2 hippogriffs (D:8)
  A spriggan (D:7)
  3 yaks
  A steam dragon (D:9)
  A warg (D:9)
  4 porcupines
  An orc warrior (D:9)
  A phantom (D:7)
  2 sky beasts
  3 ogres
  The ghost of MurderousKitten the Chiller, an amateur NaIE (D:3)
  A centaur (D:8)
  A crocodile (Lair:1)
  3 big kobolds
  A bullfrog (D:6)
  A gnoll sergeant (D:9)
  A scorpion (D:6)
  7 wights
  A howler monkey (D:7)
  A centaur skeleton (D:7)
  6 orc priests
  A gnoll shaman (D:6)
  3 orc wizards
  An iguana (D:6)
  A worker ant (D:6)
  A hound skeleton (D:8)
  12 gnolls
  A shadow imp (D:10)
  9 orcs
  5 jackals
  3 kobolds (D:9)
  A jackal zombie (D:6)
  A leopard gecko skeleton (D:7)
  A leopard gecko zombie (D:7)
  A plant (D:8)
93 creatures vanquished.

Vanquished Creatures (others)
  2 fungi
2 creatures vanquished.

Grand Total: 336 creatures vanquished

Notes
Turn   | Place    | Note
-------+----------+-------------------------------------------
     0 | D:1      | Gukra the Deep Elf Ice Elementalist began the quest for the Orb.
     0 | D:1      | Reached XP level 1. HP: 10/10 MP: 6/6
   212 | D:1      | Reached XP level 2. HP: 15/15 MP: 6/8
   870 | D:2      | Learned a level 2 spell: Throw Frost
   894 | D:2      | Reached XP level 3. HP: 19/19 MP: 2/10
   899 | D:2      | Learned a level 3 spell: Ozocubu's Armour
   949 | D:2      | Found a shattered altar of Ashenzari.
   955 | D:2      | Reached skill level 4 in Ice Magic
  1019 | D:2      | Found a blossoming altar of Fedhas.
  1257 | D:2      | Reached XP level 4. HP: 24/24 MP: 6/12
  1414 | D:2      | Found a white marble altar of Elyvilon.
  1708 | D:2      | Found a basalt altar of Yredelemnul.
  1757 | D:3      | Reached skill level 5 in Spellcasting
  1804 | D:3      | Learned a level 4 spell: Summon Ice Beast
  1866 | D:3      | Noticed MurderousKitten's ghost (amateur NaIE)
  1885 | D:3      | Killed MurderousKitten's ghost
  1885 | D:3      | Reached XP level 5. HP: 9/28 MP: 2/14
  2182 | D:3      | Reached skill level 5 in Ice Magic
  2241 | D:3      | Found an ancient bone altar of Kikubaaqudgha.
  2793 | D:4      | Noticed Sigmund
  2807 | D:4      | Killed Sigmund
  2807 | D:4      | Reached XP level 6. HP: 16/32 MP: 7/18
  3535 | D:4      | Found a sacrificial altar of Ru.
  3544 | D:4      | Reached XP level 7. HP: 27/36 MP: 15/20
  4093 | D:5      | Entered Level 5 of the Dungeon
  4128 | D:5      | Found an iron altar of Okawaru.
  4144 | D:5      | Learned a level 4 spell: Throw Icicle
  4165 | D:5      | Reached skill level 1 in Summonings
  4196 | D:5      | Reached skill level 1 in Long Blades
  4227 | D:5      | Found a glowing drain.
  4258 | Sewer    | Entered a sewer
  4641 | Sewer    | Reached skill level 6 in Ice Magic
  4857 | D:5      | Found a staircase to the Ecumenical Temple.
  4876 | Temple   | Entered the Ecumenical Temple
  4897 | Temple   | Became a worshipper of Vehumet
  5419 | D:6      | Reached XP level 8. HP: 42/42 MP: 9/23
  5989 | D:6      | Reached skill level 1 in Charms
  6013 | D:6      | Found a shadowy altar of Dithmenos.
  6140 | D:6      | Reached * piety under Vehumet
  6140 | D:6      | Offered knowledge of Shock by Vehumet.
  6151 | D:6      | Learned a level 1 spell: Shock
  6232 | D:6      | Reached skill level 7 in Ice Magic
  6622 | D:6      | Reached skill level 1 in Fighting
  6971 | D:7      | Reached skill level 10 in Spellcasting
  7260 | D:7      | Offered knowledge of Flame Tongue by Vehumet.
  7291 | D:7      | Reached ** piety under Vehumet
  7317 | D:7      | Reached XP level 9. HP: 11/47 MP: 1/25
  7700 | D:7      | Learned a level 1 spell: Flame Tongue
  7704 | D:7      | Learned a level 3 spell: Regeneration
  8036 | D:7      | Reached skill level 8 in Ice Magic
  8434 | D:8      | Noticed an oklob plant
  8435 | D:8      | Found a sparkling altar of Nemelex Xobeh.
  8763 | D:8      | Learned a level 3 spell: Stone Arrow
  9164 | D:8      | Found Pyraff's Book Shop.
  9802 | D:8      | Killed an oklob plant
 10189 | D:9      | Offered knowledge of Dazzling Spray by Vehumet.
 10197 | D:9      | Got a translucent scale mail
 10200 | D:9      | Identified the +2 scale mail of the Turtledove {*Slow Int+4 Dex+7} (You found it on level 9 of the Dungeon)
 10236 | D:9      | Reached skill level 9 in Ice Magic
 10432 | D:9      | Reached *** piety under Vehumet
 10466 | D:9      | Reached skill level 1 in Short Blades
 10466 | D:9      | Reached XP level 10. HP: 52/52 MP: 19/28
 10471 | D:9      | Reached skill level 1 in Necromancy
 10474 | D:9      | Found a staircase to the Orcish Mines.
 11025 | D:9      | Offered knowledge of Static Discharge by Vehumet.
 11142 | D:9      | Found a snail-covered altar of Cheibriados.
 11166 | D:9      | Found a sparkling altar of Nemelex Xobeh.
 11300 | D:9      | Found a hide-covered altar of Uskayaw.
 11545 | D:9      | Learned a level 5 spell: Lee's Rapid Deconstruction
 11586 | D:10     | Entered Level 10 of the Dungeon
 11599 | D:10     | Reached skill level 1 in Throwing
 11608 | D:10     | Found a staircase to the Lair.
 11608 | D:10     | Noticed an elephant
 11691 | D:10     | Reached skill level 1 in Earth Magic
 11695 | D:10     | Reached skill level 1 in Shields
 11713 | D:10     | Killed an elephant
 11811 | D:10     | Found a blossoming altar of Fedhas.
 11966 | D:10     | Noticed Snorg
 11974 | D:10     | Killed Snorg
 11974 | D:10     | Reached skill level 10 in Ice Magic
 12331 | D:10     | Reached **** piety under Vehumet
 12398 | Lair:1   | Entered Level 1 of the Lair of Beasts
 12415 | Lair:1   | Offered knowledge of Venom Bolt by Vehumet.
 12615 | Lair:1   | Noticed Sonja
 12616 | Lair:1   | Killed Sonja
 12616 | Lair:1   | Reached XP level 11. HP: 57/57 MP: 10/29
 12716 | D:10     | Reached skill level 5 in Summonings
 13552 | Lair:1   | Reached skill level 5 in Earth Magic
 13942 | Lair:1   | Reached skill level 11 in Ice Magic
 14699 | Lair:2   | Noticed Fannar
 14903 | Lair:2   | Killed Fannar
 15860 | Lair:2   | Found a staircase to the Swamp.
 15897 | Lair:3   | Reached skill level 12 in Ice Magic
 16632 | Lair:3   | Reached XP level 12. HP: 62/62 MP: 12/30
 16723 | Lair:3   | Found a snail-covered altar of Cheibriados.
 17087 | Lair:4   | Found a staircase to the Snake Pit.
 17116 | Lair:4   | Noticed a death yak
 17116 | Lair:4   | Noticed a death yak
 17117 | Lair:4   | Noticed a death yak
 17215 | Lair:4   | Reached ***** piety under Vehumet
 17225 | Lair:4   | Found a dark tunnel.
 17237 | Volcano  | Entered a volcano
 17255 | Volcano  | Noticed a two-headed ogre
 17261 | Volcano  | Noticed a two-headed ogre
 17266 | Volcano  | Killed a two-headed ogre
 17266 | Volcano  | Offered knowledge of Poison Arrow by Vehumet.
 17292 | Volcano  | Killed a two-headed ogre
 17292 | Volcano  | Reached skill level 13 in Ice Magic
 17293 | Volcano  | Slain by a salamander

Skill      XL: |  1  2  3  4  5  6  7  8  9 10 11 12 |
---------------+-------------------------------------+-----
Spellcasting   | 4 5 7 9 10 12 | 12.6
Ice Magic      | 4 5 6 7 9 10 12 13 | 13.0
Dodging        | 3 4 |  4.8
Summonings     | 1 3 4 6 7 |  7.0
Long Blades    | 1 2 |  2.0
Conjurations   | 2 3 4 |  4.6
Charms         | 2 3 |  3.3
Fighting       | 1 2 |  2.2
Short Blades   | 1 |  1.8
Necromancy     | 1 |  1.6
Throwing       | 2 3 |  3.0
Earth Magic    | 4 6 7 |  7.2
Shields        | 2 4 |  4.0
Maces & Flails | |  0.4
Stealth        | |  2.5
Evocations     | |  0.4

Action                   |  1- 3 |  4- 6 |  7- 9 | 10-12 || total
-------------------------+-------+-------+-------+-------++-------
Melee: Unarmed           |     5 |       |       |       ||     5
       Dagger            |     2 |     2 |       |    27 ||    31
       Staff             |       |     5 |       |       ||     5
       Long sword        |       |    18 |    21 |     1 ||    40
       Flail             |       |       |    10 |       ||    10
       Short sword       |       |       |    19 |     7 ||    26
 Fire: Blowgun           |       |       |       |    20 ||    20
Throw: Throwing net      |       |     1 |     1 |       ||     2
 Cast: Freeze            |    40 |    62 |    44 |    30 ||   176
       Throw Frost       |     6 |    20 |    71 |    68 ||   165
       Summon Ice Beast  |       |     5 |    55 |    49 ||   109
       Ozocubu's Armour  |       |     1 |     3 |       ||     4
       Throw Icicle      |       |       |    46 |   130 ||   176
       Regeneration      |       |       |     5 |     3 ||     8
       Stone Arrow       |       |       |     4 |    13 ||    17
       Lee's Rapid Decon |       |       |       |    15 ||    15
Evoke: Wand              |       |       |       |     5 ||     5
  Use: Scroll            |       |       |    24 |    10 ||    34
       Potion            |       |       |       |     7 ||     7
 Stab: Sleeping          |       |     2 |       |       ||     2
       Distracted        |       |       |       |     1 ||     1
  Eat: Chunk             |     1 |     7 |    15 |    32 ||    55
       Bread ration      |       |       |     2 |       ||     2
Armor: Robe              |     6 |    13 |    14 |       ||    33
       Steam dragon scal |       |       |       |    20 ||    20
Dodge: Dodged            |    17 |    54 |   106 |    85 ||   262
Block: Buckler           |       |       |       |    16 ||    16
       Rpst.: Long sword |       |     8 |    13 |       ||    21
